[ AOE2 MATCH · #495480356 ]
UnrankedFranks vs Malians
Player's team · WIN
Rival team · LOSS
[ REPLAY ANALYSIS · EXTRACTED FROM THE RECORDED GAME ]
Feudal
8:51
Castle
19:31
Imperial
41:44
| APM avg | 90.1 |
| APM peak | 147 |
| eAPM avg | 56.1 |
| Villagers / military | 265 / 286 |
Focus
⚔️ 60.3% · 🌾 39.7%
Throwing Axeman ×262 · Skirmisher ×8 · Monk ×7 · Battering Ram ×6 · Spearman ×2 · Trebuchet (Packed) ×1
Feudal
9:16
Castle
19:26
Imperial
44:02
| APM avg | 60.9 |
| APM peak | 95 |
| eAPM avg | 32.5 |
| Villagers / military | 231 / 295 |
Focus
⚔️ 38.2% · 🌾 61.8%
Knight ×165 · Scout Cavalry ×78 · Archer ×20 · Monk ×10 · Battering Ram ×8 · Militia ×6
Match map
Initial resources + every placement click. Lines = walls · curves = elevation contours. ◆ gold · ⬟ stone · ● berries · ✦ relic · ◌ wall gap
Your base· Open — 7t gap
Thành Cổ Quảng Trị's base· Open — 1t gap
Smoothed initial terrain · ◌ = detected wall gap · hover for details
Inputs per minute
— Oni.TheViper - - Thành Cổ Quảng Trị
Build order — Oni.TheViper
First 150 of 809 actions detected
| 0:00 | Create | Villager (Male) |
| 0:01 | Create | Villager (Male) |
| 0:01 | Build | House |
| 0:02 | Build | House |
| 0:05 | Build | House |
| 0:07 | Create | Villager (Male) |
| 0:14 | Create | Villager (Male) |
| 1:26 | Create | Villager (Male) |
| 2:01 | Build | Lumber Camp |
| 2:01 | Create | Villager (Male) |
| 2:14 | Create | Villager (Male) |
| 2:45 | Create | Villager (Male) |
| 3:03 | Build | House |
| 3:05 | Create | Villager (Male) |
| 3:22 | Create | Villager (Male) |
| 3:54 | Create | Villager (Male) |
| 3:58 | Build | Mill |
| 4:04 | Create | Villager (Male) |
| 4:26 | Create | Villager (Male) |
| 4:26 | Create | Villager (Male) |
| 4:39 | Create | Villager (Male) |
| 4:39 | Create | Villager (Male) |
| 5:10 | Create | Villager (Male) |
| 5:20 | Create | Villager (Male) |
| 5:21 | Create | Villager (Male) |
| 5:22 | Create | Villager (Male) |
| 5:47 | Create | Villager (Male) |
| 5:54 | Research | Loom |
| 6:37 | Research | Feudal Age |
| 6:37 | Research | Feudal Age |
| 7:04 | Build | Palisade Gate |
| 7:06 | Build | Palisade Gate |
| 7:25 | Build | Lumber Camp |
| 7:36 | Create | Villager (Male) |
| 8:03 | Build | Barracks |
| 8:34 | Create | Villager (Male) |
| 8:40 | Build | House |
| 8:51 | Age | Feudal Age |
| 8:53 | Create | Villager (Male) |
| 9:08 | Create | Villager (Male) |
| 9:10 | Build | Archery Range |
| 9:14 | Create | Villager (Male) |
| 9:20 | Create | Villager (Male) |
| 9:26 | Build | Palisade Wall |
| 9:32 | Build | Palisade Wall |
| 9:34 | Create | Villager (Male) |
| 9:39 | Build | Palisade Gate |
| 9:42 | Build | Palisade Wall |
| 9:43 | Create | Villager (Male) |
| 9:46 | Build | Palisade Wall |
| 9:46 | Build | Palisade Wall |
| 9:51 | Create | Villager (Male) |
| 9:54 | Build | Palisade Wall |
| 9:55 | Build | Palisade Wall |
| 9:58 | Create | Villager (Male) |
| 10:01 | Create | Skirmisher |
| 10:04 | Research | Double-Bit Axe |
| 10:05 | Build | House |
| 10:07 | Create | Skirmisher |
| 10:07 | Create | Villager (Male) |
| 10:23 | Create | Villager (Male) |
| 10:30 | Create | Villager (Male) |
| 10:35 | Build | Farm |
| 10:42 | Build | House |
| 10:46 | Create | Skirmisher |
| 10:48 | Create | Villager (Male) |
| 11:03 | Build | Farm |
| 11:05 | Create | Villager (Male) |
| 11:08 | Build | House |
| 11:21 | Create | Villager (Male) |
| 11:23 | Create | Villager (Male) |
| 11:25 | Build | Farm |
| 11:30 | Build | House |
| 11:31 | Build | Palisade Wall |
| 11:33 | Build | Palisade Wall |
| 11:49 | Create | Villager (Male) |
| 11:51 | Create | Skirmisher |
| 11:53 | Build | Palisade Wall |
| 11:54 | Create | Villager (Male) |
| 11:56 | Create | Villager (Male) |
| 12:04 | Build | Farm |
| 12:06 | Build | House |
| 12:10 | Build | Palisade Wall |
| 12:11 | Build | Palisade Wall |
| 12:13 | Create | Skirmisher |
| 12:39 | Build | House |
| 12:52 | Build | Farm |
| 13:00 | Create | Villager (Male) |
| 13:01 | Build | Farm |
| 13:01 | Build | Farm |
| 13:13 | Build | Farm |
| 13:25 | Research | Wheelbarrow |
| 13:30 | Create | Villager (Male) |
| 13:32 | Build | Farm |
| 13:41 | Build | Mining Camp |
| 13:53 | Create | Villager (Male) |
| 14:01 | Create | Skirmisher |
| 14:16 | Create | Villager (Male) |
| 14:21 | Build | Palisade Wall |
| 14:23 | Build | House |
| 14:25 | Build | Palisade Wall |
| 14:25 | Create | Villager (Male) |
| 14:26 | Create | Skirmisher |
| 14:28 | Create | Villager (Male) |
| 14:38 | Build | Palisade Wall |
| 14:41 | Build | House |
| 14:44 | Create | Villager (Male) |
| 14:48 | Create | Villager (Male) |
| 14:53 | Build | Farm |
| 14:54 | Build | Farm |
| 15:07 | Create | Villager (Male) |
| 15:14 | Build | Blacksmith |
| 15:23 | Create | Villager (Male) |
| 15:27 | Build | Farm |
| 15:34 | Create | Skirmisher |
| 15:49 | Create | Villager (Male) |
| 16:00 | Build | House |
| 16:10 | Build | Farm |
| 16:23 | Create | Villager (Male) |
| 16:51 | Research | Castle Age |
| 16:51 | Research | Castle Age |
| 17:03 | Build | Palisade Gate |
| 17:20 | Create | Villager (Male) |
| 17:39 | Build | Palisade Wall |
| 17:41 | Build | Palisade Wall |
| 17:42 | Build | Palisade Wall |
| 17:49 | Build | Palisade Wall |
| 17:53 | Build | Farm |
| 18:17 | Research | Gold Mining |
| 18:36 | Research | Fletching |
| 19:22 | Create | Villager (Male) |
| 19:31 | Age | Castle Age |
| 19:32 | Build | Town Center |
| 19:33 | Create | Villager (Male) |
| 19:35 | Create | Villager (Male) |
| 19:38 | Build | Town Center |
| 19:47 | Create | Villager (Male) |
| 19:54 | Create | Villager (Male) |
| 19:55 | Build | Monastery |
| 19:59 | Research | Bodkin Arrow |
| 20:10 | Create | Villager (Male) |
| 20:29 | Create | Villager (Male) |
| 20:39 | Create | Monk |
| 20:42 | Build | University |
| 20:48 | Create | Villager (Male) |
| 21:00 | Create | Villager (Male) |
| 21:14 | Create | Monk |
| 21:25 | Create | Villager (Male) |
| 21:37 | Create | Villager (Male) |
| 21:44 | Build | Farm |
Build order — Thành Cổ Quảng Trị
First 150 of 735 actions detected
| 0:00 | Create | Villager (Male) |
| 0:01 | Build | House |
| 0:02 | Build | House |
| 0:08 | Create | Villager (Male) |
| 0:08 | Create | Villager (Male) |
| 0:14 | Create | Villager (Male) |
| 0:15 | Create | Villager (Male) |
| 1:27 | Create | Villager (Male) |
| 1:27 | Create | Villager (Male) |
| 1:46 | Build | Lumber Camp |
| 1:57 | Create | Villager (Male) |
| 2:14 | Create | Villager (Male) |
| 2:14 | Create | Villager (Male) |
| 2:43 | Create | Villager (Male) |
| 2:43 | Create | Villager (Male) |
| 3:04 | Create | Villager (Male) |
| 3:35 | Create | Villager (Male) |
| 3:50 | Build | House |
| 3:55 | Create | Villager (Male) |
| 3:56 | Create | Villager (Male) |
| 4:24 | Create | Villager (Male) |
| 4:24 | Create | Villager (Male) |
| 4:25 | Create | Villager (Male) |
| 4:50 | Build | Barracks |
| 5:09 | Create | Villager (Male) |
| 5:23 | Build | House |
| 5:48 | Create | Villager (Male) |
| 6:10 | Create | Villager (Male) |
| 6:15 | Research | Loom |
| 6:26 | Build | Mining Camp |
| 6:52 | Research | Feudal Age |
| 7:05 | Create | Militia |
| 7:06 | Create | Militia |
| 7:26 | Create | Militia |
| 7:26 | Create | Militia |
| 7:51 | Create | Militia |
| 7:51 | Create | Militia |
| 7:58 | Build | Mill |
| 8:08 | Build | House |
| 8:20 | Build | Palisade Wall |
| 8:40 | Create | Villager (Male) |
| 9:16 | Age | Feudal Age |
| 9:17 | Research | Man-at-Arms (upgrade) |
| 9:18 | Research | Man-at-Arms (upgrade) |
| 9:18 | Create | Villager (Male) |
| 9:19 | Build | Archery Range |
| 9:30 | Build | Archery Range |
| 9:31 | Build | Palisade Wall |
| 9:45 | Create | Villager (Male) |
| 9:47 | Build | House |
| 10:05 | Create | Villager (Male) |
| 10:06 | Build | Farm |
| 10:24 | Build | House |
| 10:32 | Build | House |
| 10:33 | Create | Archer |
| 10:39 | Research | Double-Bit Axe |
| 10:54 | Build | Farm |
| 10:54 | Build | Farm |
| 10:59 | Create | Villager (Male) |
| 10:59 | Create | Villager (Male) |
| 11:06 | Build | Farm |
| 11:10 | Create | Archer |
| 11:18 | Build | Farm |
| 11:21 | Build | Palisade Wall |
| 11:28 | Create | Villager (Male) |
| 11:28 | Create | Villager (Male) |
| 11:55 | Build | Farm |
| 11:56 | Build | Farm |
| 12:01 | Create | Villager (Male) |
| 12:01 | Create | Villager (Male) |
| 12:02 | Create | Archer |
| 12:04 | Build | Palisade Wall |
| 12:06 | Create | Archer |
| 12:15 | Create | Villager (Male) |
| 12:15 | Create | Villager (Male) |
| 12:31 | Create | Villager (Male) |
| 12:41 | Create | Archer |
| 12:51 | Build | Farm |
| 12:53 | Build | Farm |
| 12:54 | Create | Villager (Male) |
| 13:10 | Create | Villager (Male) |
| 13:10 | Create | Villager (Male) |
| 13:12 | Build | Farm |
| 13:14 | Build | Farm |
| 13:47 | Create | Villager (Male) |
| 13:48 | Build | Blacksmith |
| 13:49 | Create | Archer |
| 13:49 | Create | Archer |
| 13:54 | Build | House |
| 14:08 | Create | Villager (Male) |
| 14:30 | Create | Archer |
| 14:50 | Create | Villager (Male) |
| 14:52 | Build | Market |
| 15:09 | Create | Villager (Male) |
| 15:14 | Build | House |
| 15:15 | Build | Palisade Wall |
| 15:26 | Build | Farm |
| 15:33 | Create | Villager (Male) |
| 15:35 | Build | House |
| 15:38 | Build | Palisade Wall |
| 16:12 | Create | Villager (Male) |
| 16:24 | Build | Palisade Wall |
| 16:27 | Build | Farm |
| 16:41 | Build | Farm |
| 16:46 | Build | Farm |
| 16:46 | Research | Castle Age |
| 16:46 | Research | Castle Age |
| 16:49 | Create | Archer |
| 16:57 | Research | Horse Collar |
| 17:38 | Create | Archer |
| 17:39 | Research | Gold Mining |
| 18:02 | Create | Archer |
| 18:06 | Create | Villager (Male) |
| 18:08 | Build | Stable |
| 18:22 | Research | Fletching |
| 18:22 | Research | Fletching |
| 18:29 | Build | Stable |
| 18:36 | Build | Farm |
| 18:41 | Build | House |
| 18:42 | Build | House |
| 18:47 | Create | Archer |
| 19:15 | Create | Archer |
| 19:26 | Age | Castle Age |
| 19:27 | Research | Crossbowman (upgrade) |
| 19:28 | Research | Bodkin Arrow |
| 19:29 | Create | Knight |
| 19:29 | Create | Knight |
| 19:29 | Create | Knight |
| 19:56 | Create | Villager (Male) |
| 19:59 | Create | Knight |
| 19:59 | Create | Knight |
| 20:13 | Create | Knight |
| 20:15 | Build | Farm |
| 20:16 | Build | Farm |
| 20:18 | Build | Farm |
| 20:19 | Build | Farm |
| 20:20 | Build | Farm |
| 20:20 | Create | Villager (Male) |
| 20:41 | Create | Knight |
| 20:46 | Create | Villager (Male) |
| 21:03 | Create | Villager (Male) |
| 21:05 | Build | Farm |
| 21:05 | Build | Farm |
| 21:12 | Create | Knight |
| 21:12 | Create | Knight |
| 21:31 | Create | Archer |
| 21:32 | Create | Villager (Male) |
| 21:45 | Create | Villager (Male) |
| 21:46 | Create | Archer |
| 21:50 | Build | Farm |
Match timeline
| 4:50 | Thành Cổ Quảng Trị · first_building Barracks |
| 8:03 | Oni.TheViper · first_building Barracks |
| 8:20 | Thành Cổ Quảng Trị · wall_segment Palisade Wall x6 |
| 8:51 | Oni.TheViper · age_up feudal |
| 9:10 | Oni.TheViper · first_building Archery Range |
| 9:16 | Thành Cổ Quảng Trị · age_up feudal |
| 9:19 | Thành Cổ Quảng Trị · first_building Archery Range |
| 9:26 | Oni.TheViper · wall_segment Palisade Wall x2 |
| 9:31 | Thành Cổ Quảng Trị · wall_segment Palisade Wall x1 |
| 9:32 | Oni.TheViper · wall_segment Palisade Wall x3 |
| 9:42 | Oni.TheViper · wall_segment Palisade Wall x1 |
| 9:46 | Oni.TheViper · wall_segment Palisade Wall x1 |
| 9:46 | Oni.TheViper · wall_segment Palisade Wall x1 |
| 9:54 | Oni.TheViper · wall_segment Palisade Wall x1 |
| 9:55 | Oni.TheViper · wall_segment Palisade Wall x1 |
| 11:21 | Thành Cổ Quảng Trị · wall_segment Palisade Wall x10 |
| 11:31 | Oni.TheViper · wall_segment Palisade Wall x1 |
| 11:33 | Oni.TheViper · wall_segment Palisade Wall x2 |
| 11:53 | Oni.TheViper · wall_segment Palisade Wall x2 |
| 12:04 | Thành Cổ Quảng Trị · wall_segment Palisade Wall x10 |
| 12:10 | Oni.TheViper · wall_segment Palisade Wall x1 |
| 12:11 | Oni.TheViper · wall_segment Palisade Wall x1 |
| 14:21 | Oni.TheViper · wall_segment Palisade Wall x1 |
| 14:25 | Oni.TheViper · wall_segment Palisade Wall x1 |
| 14:38 | Oni.TheViper · wall_segment Palisade Wall x1 |
| 15:15 | Thành Cổ Quảng Trị · wall_segment Palisade Wall x5 |
| 15:38 | Thành Cổ Quảng Trị · wall_segment Palisade Wall x1 |
| 16:13 | Thành Cổ Quảng Trị · first_market_sell 500 stone |
| 16:14 | Thành Cổ Quảng Trị · first_market_buy 100 food |
| 16:24 | Thành Cổ Quảng Trị · wall_segment Palisade Wall x10 |
| 17:39 | Oni.TheViper · wall_segment Palisade Wall x1 |
| 17:41 | Oni.TheViper · wall_segment Palisade Wall x1 |
| 17:42 | Oni.TheViper · wall_segment Palisade Wall x1 |
| 17:49 | Oni.TheViper · wall_segment Palisade Wall x1 |
| 18:08 | Thành Cổ Quảng Trị · first_building Stable |
| 19:26 | Thành Cổ Quảng Trị · age_up castle |
| 19:31 | Oni.TheViper · age_up castle |
| 19:55 | Oni.TheViper · first_building Monastery |
| 22:28 | Oni.TheViper · wall_segment Palisade Wall x1 |
| 22:39 | Thành Cổ Quảng Trị · first_building Siege Workshop |
| 22:45 | Thành Cổ Quảng Trị · first_building Monastery |
| 26:43 | Oni.TheViper · first_building Castle |
| 27:03 | Oni.TheViper · wall_segment Palisade Wall x1 |
| 27:04 | Oni.TheViper · wall_segment Palisade Wall x1 |
| 31:38 | Oni.TheViper · first_building Siege Workshop |
| 34:01 | Oni.TheViper · first_market_buy 100 food |
| 38:16 | Thành Cổ Quảng Trị · first_building Castle |
| 41:44 | Oni.TheViper · age_up imperial |
| 44:02 | Thành Cổ Quảng Trị · age_up imperial |
| 45:25 | Thành Cổ Quảng Trị · wall_segment Palisade Wall x1 |
| 49:21 | Thành Cổ Quảng Trị · wall_segment Stone Wall x12 |
| 50:43 | Oni.TheViper · wall_segment Stone Wall x1 |
| 52:40 | Thành Cổ Quảng Trị · wall_segment Stone Wall x1 |
| 54:58 | Thành Cổ Quảng Trị · resign |
[ AI ANALYSIS · 1 CREDIT ]
What really happened in this match?
Wolo.gg analyzes every decision: build order, eco, micro, common mistakes by bracket. Personalized analysis on WhatsApp or Discord in 30 seconds.
Civ guide
Franks
Perfil
TheViper